 Dungeon Crawl Stone Soup version 0.30.1-11-g7821555f0a (webtiles) character file.

Game seed: 12336171362536043589

64 Peloso the Covered (level 3, -3/33 HPs)
             Began as a Minotaur Fighter on Dec 12, 2023.
             Killed from afar by Ijyb (17 damage)
             ... with a bolt of acid
             ... on level 3 of the Dungeon.
             The game lasted 00:02:11 (1169 turns).

Peloso the Covered (Minotaur Fighter)               Turns: 1169, Time: 00:02:11

Health: -3/33      AC:  3    Str: 20    XL:     3   Next: 91%
Magic:  2/2        EV:  9    Int:  5    God:
Gold:   118        SH:  4    Dex: 11    Spells: 2/2 levels left

rFire   . . .        a - +0 long sword
rCold   . . .        c - +0 buckler
rNeg    . . .        b - +0 scale mail
rPois   .            (helmet restricted)
rElec   .            (no cloak)
rCorr   .            (no gloves)
SInv    .            (no boots)
Will    .....        (no amulet) Stlth
                     (no ring)
HPRegen 0.25/turn    (no ring)
MPRegen 0.08/turn

%: no passive effects
@: corroded
A: horns 2, retaliatory headbutt
a: no special abilities


You were on level 3 of the Dungeon.
You visited 1 branch of the dungeon, and saw 3 of its levels.

You collected 118 gold pieces.

Inventory:

Hand Weapons
 a - a +0 long sword (weapon)
Armour
 b - a +0 scale mail (worn)
 c - a +0 buckler (worn)
Jewellery
 k - a ring of see invisible
Scrolls
 e - a scroll of fear {unknown}
 i - a scroll of identify
 m - a scroll of acquirement
Potions
 d - a potion of might


   Skills:
 + Level 4.2 Fighting
 + Level 3.6 Long Blades
 + Level 4.4 Armour
 + Level 0.5 Dodging
 + Level 3.8 Shields


You had 2 spell levels left.
You didn't know any spells.
Your spell library was empty.

Dungeon Overview and Level Annotations

Branches:
Dungeon (3/15)

Altars:

Shops:
D:1 :

Annotations:
D:3 Ijyb


Innate Abilities, Weirdness & Mutations

You have a pair of horns on your head.
You reflexively headbutt those who attack you in melee.


Message History

You kill the hobgoblin!
The ball python barely misses you. The ball python misses you.
You block the ball python's attack. The ball python grabs you.
The ball python constricts you.
You escape the ball python's grasp.
Found 6 gold pieces.
The ball python bites you but does no damage.
The ball python grabs you. The ball python constricts you.
Unknown command.
You slash the ball python!
You kill the ball python!
Unknown command.
You closely miss the goblin. You headbutt the goblin.
You kill the goblin!
Unknown command.
You hit Ijyb.
Ijyb is moderately wounded.
Ijyb hits you but does no damage.
Unknown command.
You barely miss Ijyb.
Ijyb is moderately wounded.
You block Ijyb's attack. Ijyb closely misses you.
You hit Ijyb.
Ijyb is moderately wounded.
Ijyb zaps a wand.
The bolt of acid hits you! The acid corrodes you!
You barely miss Ijyb.
Ijyb is moderately wounded.
Ijyb hits you with a +0 club.
You hit Ijyb.
Ijyb is moderately wounded.
Ijyb barely misses you. You furiously retaliate!
You headbutt Ijyb! Ijyb barely misses you. You furiously retaliate!
You headbutt Ijyb. You hit Ijyb but do no damage.
Ijyb is severely wounded.
A bat comes into view.
Ijyb zaps a wand.
The bolt of acid misses you.
The bat moves out of view.
You hit Ijyb. Your headbutt misses Ijyb.
Ijyb is severely wounded.
Ijyb zaps a wand.
The bolt of acid hits you!
Ouch! That really hurt!
You die...

.... .. #$... ##...
. ...$ ..:# .#...#
.... ... .# ..#
#.#..## .. #.#
##.#...###
#...###.###........b
.......<....@#
>..####....g###
...####.........
...........#g....
..........##......
>............?....
..................
............#####.
............#


You could see Ijyb and a bat (wandering).

Vanquished Creatures
  An adder (D:2)
  A worm (D:2)
  3 dart slugs
  5 ball pythons
  6 endoplasms
  2 giant cockroaches (D:2)
  3 hobgoblins
  4 jackals (D:1)
  2 kobolds (D:1)
  2 quokkas
  4 bats
  5 frilled lizards
  2 goblins
  3 rats
43 creatures vanquished.

Notes
Turn   | Place    | Note
-------+----------+-------------------------------------------
     0 | D:1      | Peloso the Minotaur Fighter began the quest for the Orb.
     0 | D:1      | Reached XP level 1. HP: 19/19 MP: 0/0
   231 | D:1      | Reached XP level 2. HP: 11/27 MP: 1/1
   494 | D:1      | Found Livvut's Vocational Training.
   603 | D:1      | Reached XP level 3. HP: 33/33 MP: 2/2
   868 | D:2      | Identified a scroll of acquirement
  1155 | D:3      | Noticed Ijyb
  1169 | D:3      | Killed from afar by Ijyb

Illustrated notes

Levels and vault maps discovered:
D:1:      saegor_arrival_simple_d, layout_basic, nicolae_shop_vocational
D:2:      layout_rooms
D:3:      layout_rooms, mainiacjoe_overflow_brackets, serial_shops,
          nicolae_shop_rolling_square, uniq_ijyb, uniq_robin

Skill      XL: |  1  2 |
---------------+-------+-----
Armour         | 4 |  4.4
Fighting       | 4 |  4.2
Long Blades    | 3 |  3.6
Dodging        | |  0.5
Shields        | |  3.8

Action                     || total
---------------------------++-------
  Melee: Long sword        ||    85
         Headbutt          ||     9
    Use: Potion            ||     6
         Scroll            ||     1
 Armour: Scale mail        ||    59
  Dodge: Dodged            ||    61
  Block: Buckler           ||    17
